 Dungeon Crawl Stone Soup version 0.24.0-13-gcf9b319 (webtiles) character file.

Game seed: 11344027242985913623, levelgen mode: deterministic

114 Fortress the Conjurer (level 4, 0/33 HPs)
             Began as a Draconian Conjurer on Jan 12, 2020.
             Killed from afar by an orc wizard (9 damage)
             ... with a magic dart
             ... on level 4 of the Dungeon.
             The game lasted 00:12:37 (4271 turns).

Fortress the Conjurer (Draconian Conjurer)          Turns: 4271, Time: 00:12:37

Health: 0/33       AC:  5    Str: 11    XL:     4   Next: 67%
Magic:  8/8        EV: 12    Int: 16    God:
Gold:   208        SH:  0    Dex: 11    Spells: 6/9 levels left

rFire    . . .     SeeInvis .   t - +0 spear
rCold    . . .     Gourm    .   (no shield)
rNeg     . . .     Faith    .   (armour unavailable)
rPois    .         Spirit   .   (helmet restricted)
rElec    .         Reflect  .   (no cloak)
rCorr    .         Harm     .   (no gloves)
MR       .....                  (no boots)
Stlth    +.........             (no amulet)
HPRegen  0.11/turn              (no ring)
MPRegen  0.11/turn              (no ring)

@: confused
A: unfitting armour, cold-blooded, AC +5
a: no special abilities


You were on level 4 of the Dungeon.
You were not hungry.

You visited 1 branch of the dungeon, and saw 4 of its levels.

You collected 208 gold pieces.

Inventory:

Hand Weapons
 t - a +0 spear (weapon)
Missiles
 f - 26 poisoned darts (quivered)
Scrolls
 a - 5 scrolls of identify
 e - 2 scrolls of enchant weapon
 j - a scroll of fear {unknown}
 n - a scroll of amnesia {unknown}
 o - a scroll of noise {unknown}
 q - a scroll of random uselessness
 r - a scroll of magic mapping {unknown}
 s - a scroll of teleportation {unknown}
Potions
 d - a potion of invisibility {unknown}
 h - 2 potions of ambrosia {unknown}
 k - 3 potions of curing
 l - a potion of might {unknown}
 m - a potion of brilliance {unknown}
 p - a potion of lignification {unknown}
Comestibles
 b - 8 rations


   Skills:
 - Level 2.0 Dodging
 - Level 2.1 Stealth
 + Level 3.0 Spellcasting
 + Level 5.2 Conjurations


You had 6 spell levels left.
You knew the following spells:

 Your Spells              Type           Power        Failure   Level  Hunger
a - Magic Dart            Conj           ###.         2%          1    #......
b - Searing Ray           Conj           ###...       3%          2    ##.....

Your spell library contained the following spells:

 Spells                   Type           Power        Failure   Level  Hunger
 Dazzling Spray           Conj/Hex       ##....       19%         3    ###....
 Iskenderun's Mystic Bla  Conj           ###.....     22%         4    #####..
 Force Lance              Conj/Tloc      ##......     54%         4    #####..
 Fulminant Prism          Conj/Hex       ##........   54%         4    #####..


Dungeon Overview and Level Annotations

Branches:
Dungeon (4/15)
 Temple: D:4-7

Altars:
Okawaru


Innate Abilities, Weirdness & Mutations

Your plain brown scales are hard. (AC +5)
You cannot fit into any form of body armour.
You are cold-blooded and may be slowed by cold attacks.


Message History

You miss something. Something hits you but does no damage.
You completely miss something. Something hits you.
You hear some strange, mumbled words.
You are more confused.
You barely miss something. Something hits you but does no damage.
You're too confused to move!
Something hits you but does no damage.
You bump into the rock wall.
Something hits you.
A magic dart appears from out of thin air!
The magic dart hits you.
* * * LOW HITPOINT WARNING * * *
There is a stone staircase leading up here.
You hear some strange, mumbled words.
You are more confused.
In your confused state, you trip and fall back down the stairs.
* * * LOW HITPOINT WARNING * * *
You hear some strange, mumbled words.
Something tries to affect you, but you resist.
A magic dart appears from out of thin air!
The magic dart hits you!
You die...

#.########
#........#
#.######@# #.#
#.######.######
..............#
...#####.####.#
......[.#
..#.≈≈### ##.o
#.#


There were no monsters in sight!

Vanquished Creatures
  2 adders (D:2)
  A shadow imp (D:3)
  3 worms (D:2)
  A dart slug (D:1)
  A leopard gecko (D:1)
  5 orcs
  6 bats
  2 giant cockroaches (D:1)
  8 goblins
  10 hobgoblins
  10 jackals
  3 kobolds
  6 frilled lizards
  10 rats
68 creatures vanquished.

Notes
Turn   | Place    | Note
-------+----------+-------------------------------------------
     0 | D:1      | Fortress the Draconian Conjurer began the quest for the
                  | Orb.
     0 | D:1      | Reached XP level 1. HP: 14/14 MP: 3/3
   140 | D:1      | Reached XP level 2. HP: 3/20 MP: 0/5
  1178 | D:1      | Reached XP level 3. HP: 26/26 MP: 1/6
  2102 | D:2      | HP: 1/26 [worm (7)]
  2435 | D:2      | Reached skill level 5 in Conjurations
  2484 | D:2      | Learned a level 2 spell: Searing Ray
  2491 | D:2      | Reached XP level 4. HP: 20/33 MP: 0/7
  2719 | D:2      | Found an iron altar of Okawaru.
  4271 | D:4      | Killed from afar by an orc wizard

Levels and vault maps discovered:
D:1:      denvon_arrival_planthouse, layout_basic, dk_noncrumbling_2
D:2:      layout_basic, marbit_many_paths, first_ration
D:3:      layout_basic, chequers_serial_rivers_micro_a
D:4:      layout_loops_corners, eat_drink_and_be_merry_uskayaw, serial_rivers,
          chequers_serial_rivers_micro_a, chequers_serial_rivers_small_a,
          chequers_serial_rivers_small_b, chequers_serial_rivers_small_a,
          kennysheep_generic_room_10

Skill      XL: |  1  2  3  4 |
---------------+-------------+-----
Stealth        | 2 |  2.1
Dodging        | 2 |  2.0
Conjurations   | 5 |  5.2
Spellcasting   | 3 |  3.0

Action                   |  1- 3 |  4- 6 || total
-------------------------+-------+-------++-------
Melee: Unarmed           |   130 |    14 ||   144
       Tailslap          |    10 |     6 ||    16
       Spear             |       |    39 ||    39
 Cast: Magic Dart        |    97 |    48 ||   145
       Searing Ray       |     1 |     1 ||     2
  Use: Scroll            |       |     6 ||     6
 Stab: Sleeping          |       |     1 ||     1
  Eat: Chunk             |     6 |     6 ||    12
Armor: Skin              |    45 |     8 ||    53
Dodge: Dodged            |   102 |    22 ||   124
